 Dungeon Crawl Stone Soup version 0.19-a0-1127-gac58878 (webtiles) character file.

5518 Stormphoenix the Prestidigitator (level 10, 0/81 HPs)
             Began as a Deep Dwarf Fighter on Aug 12, 2016.
             Was a Believer of Makhleb.
             Slain by Gastronok (14 damage)
             ... on level 8 of the Dungeon.
             The game lasted 00:19:36 (6457 turns).

Stormphoenix the Prestidigitator (DDFi)             Turns: 6457, Time: 00:19:36

Health: 0/81       AC: 11    Str: 23    XL:     10   Next: 43%
Magic:  17/17      EV:  7    Int:  7    God:    Makhleb [**....]
Gold:   556        SH:  9    Dex: 12    Spells: 0 memorised, 9 levels left

rFire  + . .     SeeInvis .     a - +1 flail
rCold  . . .     Gourm    .     b - +0 scale mail
rNeg   . . .     Faith    .     c - +0 shield
rPois  .         Spirit   .     k - +2 helmet
rElec  .         Dismiss  .     (no cloak)
rCorr  .         Reflect  .     (no gloves)
SustAt .         Harm     .     (no boots)
MR     ++...                    (no amulet)
Stlth  ..........               (no ring)
                                j - ring of protection from magic

@: non-regenerating
A: damage resistance, recharge devices, slimy green scales 1, yellow scales 1,
blurry vision 1, deformed body, dopey 1, fire resistance 1, sense surroundings
2, slow regeneration 3
a: Device Recharging, Minor Destruction, Renounce Religion


You were on level 8 of the Dungeon.
You worshipped Makhleb.
Makhleb was pleased with you.
You were not hungry.

You visited 2 branches of the dungeon, and saw 9 of its levels.

You collected 556 gold pieces.

Inventory:

Hand Weapons
 a - a +1 flail (weapon)
Armour
 b - a +0 scale mail (worn)
 c - a +0 shield (worn)
 k - a +2 helmet (worn)
 t - a +0 large shield
Jewellery
 j - a ring of protection from magic (left hand)
Wands
 e - a wand of heal wounds (3/9)
 m - a wand of slowing (19/48)
 q - a wand of digging (15/24)
 w - a wand of lightning (1/15)
 x - a wand of lightning (7/15)
 D - a wand of lightning (7/15)
Scrolls
 g - a scroll of amnesia
 h - 8 scrolls of remove curse
 o - 3 scrolls of identify
 p - a scroll of magic mapping
 r - 2 scrolls of enchant weapon
 u - 3 scrolls of teleportation
Potions
 d - 3 potions of might
 n - a potion of cancellation
 z - a potion of curing
 A - a potion of flight
Books
 v - a book of Geomancy

   Spells                             Type                      Level
   a - Sandblast                      Earth                        1
   b - Passwall                       Transmutation/Earth          2
   c - Stone Arrow                    Conjuration/Earth            3
   d - Petrify                        Transmutation/Earth          4
   e - Lee's Rapid Deconstruction     Earth                        5
 y - a book of Clouds

   Spells                             Type                      Level
   a - Mephitic Cloud                 Conjuration/Poison/Air       3
   b - Conjure Flame                  Conjuration/Fire             3
   c - Poisonous Cloud                Conjuration/Poison/Air       6
   d - Freezing Cloud                 Conjuration/Ice/Air          6
   e - Ring of Flames                 Charms/Fire                  7
Comestibles
 f - 5 bread rations
 i - 4 meat rations
 l - a royal jelly
 s - a slice of pizza
 B - 9 chunks of flesh
 C - 3 fruits


   Skills:
 - Level 2.6 Fighting
 + Level 12.6 Maces & Flails
 - Level 3.2 Armour
 - Level 3.2 Shields
 - Level 14.1 Evocations


You had 9 spell levels left.
You didn't know any spells.

Dungeon Overview and Level Annotations

Branches:
Dungeon (8/15)             Temple (1/1) D:5
   Lair: D:8-11

Altars:
Ashenzari
Cheibriados
Dithmenos
Elyvilon
Fedhas
Gozag
Hepliaklqana
Kikubaaqudgha
Makhleb
Nemelex Xobeh
Okawaru
Pakellas
Qazlal
Ru
Sif Muna
Uskayaw
Vehumet
Xom
Yredelemnul
Zin
The Shining One

Annotations:
D:8 Gastronok


Innate Abilities, Weirdness & Mutations

You are resistant to damage.
You can recharge devices by infusing magical energy.
You passively map the area around you.
You do not regenerate naturally.
You are partially covered in slimy green scales. (AC +2)
You are partially covered in yellow scales. (AC +2)
Scrolls take you a little longer to read.
Armour fits poorly on your strangely shaped body.
You are dopey. (Int -2)
Your flesh is heat resistant. (rF+)


Message History

Gastronok bites you!!
You hit Gastronok.
Gastronok is moderately wounded.
You sock Gastronok!
Gastronok is heavily wounded.
You hit Gastronok.
Gastronok is heavily wounded.
Gastronok bites you!!
* * * LOW HITPOINT WARNING * * *
You bludgeon Gastronok!!
Gastronok is heavily wounded.
You hit Gastronok.
Gastronok is heavily wounded.
You block Gastronok's attack.
You sock Gastronok!
Gastronok is severely wounded.
You thump Gastronok!
Gastronok is severely wounded.
Gastronok bites you!
You die...

#.# * ** , # #.# * .. , .
#.# * ... * , .
#######.###...., ,,,.
#..........# * ** *# *
####.#####....###* # , *
.......>..........###....
###.##.#########........
#.###+##w@................
,........###########.......
........# *#....##
........# * #....#.
,........# * # #....##
,.....$..# ,≈≈ PP###..p...
,......... ≈ PP.p..p.#..
........# ≈P≈P..pp#..
........# * * ≈≈PP....#..


You could see Gastronok.

Vanquished Creatures
  Pikel (D:8)
  Prince Ribbit (D:7)
  Grinder (D:4)
  A hippogriff (D:7)
  3 ice beasts
  Purgy (D:3)
  An orc warrior (D:8)
  A necrophage (D:8)
  A phantom (D:5)
  3 ogres (D:8)
  A crocodile (D:7)
  A big kobold (D:7)
  A giant frog (D:7)
  A gnoll sergeant (D:6)
  A scorpion (D:7)
  A killer bee (D:8)
  An electric eel (D:8)
  2 howler monkeys
  3 crimson imps
  A giant frog zombie (D:5)
  2 hounds
  5 orc priests
  Jessica (D:2)
  2 giant frog skeletons
  6 orc wizards
  2 worker ants
  A killer bee zombie (D:5)
  A hound skeleton (D:6)
  Robin (D:3)
  14 adders
  4 gnolls
  An ooze (D:4)
  2 adder zombies
  5 worms
  4 dart slugs
  7 giant geckos
  21 orcs
  9 giant cockroaches
  14 goblins
  8 hobgoblins
  12 jackals
  9 kobolds
  2 quokkas
  2 ball pythons
  10 bats
  5 giant newts
  9 rats
186 creatures vanquished.

Vanquished Creatures (others)
  2 slaves (D:8)
  A killer bee (D:8)
3 creatures vanquished.

Grand Total: 189 creatures vanquished

Notes
Turn   | Place    | Note
-------+----------+-------------------------------------------
     0 | D:1      | Stormphoenix the Deep Dwarf Fighter began the quest for the Orb.
     0 | D:1      | Reached XP level 1. HP: 20/20 MP: 1/1
   105 | D:1      | Reached XP level 2. HP: 25/27 MP: 2/2
   453 | D:1      | Reached XP level 3. HP: 31/33 MP: 3/3
   807 | D:2      | Reached XP level 4. HP: 38/40 MP: 4/4
  1131 | D:2      | Reached skill level 5 in Maces & Flails
  1152 | D:2      | Noticed Jessica
  1155 | D:2      | Killed Jessica
  1155 | D:2      | Reached XP level 5. HP: 28/46 MP: 5/5
  1426 | D:3      | Noticed Robin
  1455 | D:3      | Killed Robin
  1516 | D:3      | Noticed Purgy
  1533 | D:3      | Killed Purgy
  1533 | D:3      | Reached XP level 6. HP: 31/55 MP: 6/6
  1610 | D:3      | Found an iron altar of Okawaru.
  1696 | D:3      | You fall through a shaft!
  2172 | D:3      | Found a sacrificial altar of Ru.
  2172 | D:3      | Found an oddly glowing altar of Pakellas.
  2172 | D:3      | Found a stormy altar of Qazlal.
  2509 | D:4      | Noticed Grinder
  2528 | D:4      | Killed Grinder
  2528 | D:4      | Reached XP level 7. HP: 15/61 MP: 7/7
  2532 | D:4      | Gained mutation: You are partially covered in slimy green scales. (AC +2) [potion of mutation]
  2532 | D:4      | Gained mutation: You are dopey. (Int -2) [potion of mutation]
  2532 | D:4      | Gained mutation: Your flesh is heat resistant. (rF+) [potion of mutation]
  3037 | D:5      | Entered Level 5 of the Dungeon
  3048 | D:5      | Found an opulent altar of Gozag.
  3399 | D:5      | Reached XP level 8. HP: 40/68 MP: 7/7
  3550 | D:5      | Reached skill level 10 in Maces & Flails
  3829 | D:5      | Found a staircase to the Ecumenical Temple.
  4324 | Temple   | Entered the Ecumenical Temple
  4344 | Temple   | Became a worshipper of Makhleb the Destroyer
  4437 | D:6      | Gained mutation: Armour fits poorly on your strangely shaped body. [potion of mutation]
  4437 | D:6      | Gained mutation: You are partially covered in yellow scales. (AC +2) [potion of mutation]
  4471 | D:6      | Found a shimmering altar of Xom.
  4760 | D:6      | Gained mutation: Scrolls take you a little longer to read. [potion of mutation]
  4919 | D:6      | Found a hazy altar of Hepliaklqana.
  4919 | D:6      | Found a shattered altar of Ashenzari.
  5284 | D:7      | Reached * piety under Makhleb
  5519 | D:7      | Gained mutation: You passively map the area around you. [Deep Dwarf growth]
  5519 | D:7      | Reached XP level 9. HP: 43/74 MP: 7/7
  5532 | D:7      | Noticed Prince Ribbit
  5589 | D:7      | Killed Prince Ribbit
  5644 | D:7      | Found a radiant altar of Vehumet.
  6060 | D:7      | Reached skill level 14 in Evocations
  6060 | D:7      | Reached XP level 10. HP: 81/81 MP: 7/18
  6129 | D:8      | Reached ** piety under Makhleb
  6296 | D:8      | Noticed Pikel
  6317 | D:8      | Killed Pikel
  6422 | D:8      | Noticed Gastronok
  6457 | D:8      | Slain by Gastronok

Vault maps used:
D:1:      matt_arrival_diagonals
D:2:      first_bread, uniq_jessica
D:3:      gammafunk_temple_overflow_claw, okawaru_trees_2, uniq_robin,
          uniq_purgy
D:4:      uniq_grinder
D:5:      lemuel_crystal_altar, roderic_roman_lattice
D:6:      nicolae_overflow_crystal_walls, gammafunk_temple_overflow_pools
D:7:      nicolae_overflow_hidden_temple, uniq_prince_ribbit1
D:8:      serial_bayou, serial_bayou_pond_e, serial_bayou_pond_e,
          serial_bayou_lagoon_a, serial_bayou_ford_a, uniq_pikel, uniq_gastronok
Temple:   chequers_temple_sunken

Skill      XL: |  1  2  3  4  5  6  7  8  9 |
---------------+----------------------------+-----
Maces & Flails | 3 4 5 6 8 9 11 12 | 12.6
Evocations     | 14 | 14.1
Fighting       | |  2.6
Armour         | |  3.2
Shields        | |  3.2

Action                   |  1- 3 |  4- 6 |  7- 9 | 10-12 || total
-------------------------+-------+-------+-------+-------++-------
Melee: Flail             |   118 |   273 |   327 |   101 ||   819
 Abil: Device Recharging |       |       |     2 |     1 ||     3
Evoke: Wand              |     1 |     4 |     8 |     2 ||    15
  Use: Scroll            |     2 |     7 |     2 |       ||    11
       Potion            |     1 |     2 |     8 |     1 ||    12
 Stab: Distracted        |       |     1 |       |       ||     1
  Eat: Chunk             |       |     6 |    11 |     2 ||    19
Armor: Scale mail        |    90 |   154 |   124 |    28 ||   396
Dodge: Dodged            |    61 |   104 |    61 |    17 ||   243
Block: Shield            |   101 |   177 |   131 |    33 ||   442
